 Dungeon Crawl Stone Soup version 0.32-a0-913-g739538afd8 (webtiles) character file.

Game seed: 99366580044589462

135 Fractals the Gusty (level 5, -1/30 HPs)
             Began as a Tengu Air Elementalist on Apr 7, 2024.
             Succumbed to a gnoll sergeant's poison
             ... on level 2 of the Dungeon.
             The game lasted 00:11:35 (2022 turns).

Fractals the Gusty (Tengu Air Elementalist)         Turns: 2022, Time: 00:11:35

Health: -1/30      AC:  2    Str: 11    XL:     5   Next: 18%
Magic:  9/10       EV: 12    Int: 15    God:
Gold:   134        SH:  0    Dex: 20    Spells: 4/10 levels left

rFire   . . .        c - staff of air
rCold   . . .        (no shield)
rNeg    . . .        a - +0 robe
rPois   .            (helmet restricted)
rElec   +            (no cloak)
rCorr   .            (no gloves)
SInv    .            (boots unavailable)
Will    +....        (no amulet)
Stlth   +++          i - ring of willpower
HPRegen 0.25/turn    o - +6 ring of dexterity
MPRegen 0.12/turn

%: acrobat
@: lethally poisoned (-1 -> -10)
A: beak, talons 3, acrobatic
a: no special abilities


You were on level 2 of the Dungeon.
You visited 1 branch of the dungeon, and saw 3 of its levels.

You collected 134 gold pieces.

Inventory:

Armour
 a - a +0 robe (worn)
Magical Staves
 c - a staff of air (weapon)
Jewellery
 i - a ring of willpower (left hand)
 o - a +6 ring of dexterity (right hand)
Scrolls
 d - a scroll of teleportation {unknown}
 e - a scroll of noise {unknown}
 f - 2 scrolls of poison {unknown}
 g - a scroll of torment {unknown}
 k - a scroll of identify
 m - a scroll of amnesia {unknown}
 n - a scroll of brand weapon {unknown}
Potions
 b - a potion of magic
 h - a potion of berserk rage {unknown}
 j - 2 potions of heal wounds
 l - 2 potions of curing {unknown}


   Skills:
 + Level 2.0 Fighting
 - Level 2.1 Dodging
 - Level 3.0 Stealth
 - Level 3.0 Spellcasting
 - Level 1.6 Conjurations
 - Level 5.0 Air Magic
 - Level 1.0 Evocations


You had 4 spell levels left.
You knew the following spells:

 Your Spells              Type           Power      Damage    Failure   Level
a - Shock                 Conj/Air       72%        1d7       5%          1
b - Static Discharge      Conj/Air       36%        3-5/arc   8%          2
c - Swiftness             Air            25%        N/A       8%          3

Your spell library contained the following spells:

 Spells                   Type           Power      Damage    Failure   Level
 Kiss of Death            Conj/Necr      16%        2d6       14%         1
 Summon Small Mammal      Summ           8%         N/A       21%         1
 Airstrike                Air            12%        2d(2-18)  26%         4
 Lesser Beckoning         Tloc           4%         N/A       30%         2
 Call Canine Familiar     Summ           2%         N/A       52%         3
 Confusing Touch          Hex            2%         N/A       52%         3
 Maxwell's Portable Pile  Tloc           2%         2d(5-14)  52%         3
 Teleport Other           Tloc           2%         N/A       52%         3
 Dispel Undead            Necr           2%         3d7       89%         4
 Summon Blazeheart Golem  Fire/Summ      2%         N/A       89%         4


Dungeon Overview and Level Annotations

Branches:
Dungeon (3/15)

Altars:
Elyvilon
Uskayaw


Innate Abilities, Weirdness & Mutations

You have a beak for a mouth.
You have claws for feet.
You can magically evade attacks while moving or waiting.


Message History

A giant cockroach comes into view.
A gnoll sergeant comes into view. It is wielding a +0 spear of venom.
A jackal comes into view.
The jackal barks!
You hear a shout! x2
Found a brown potion.
Found a stone staircase leading up.
You closely miss the jackal. The jackal barely misses you.
You barely miss the jackal. The jackal completely misses you.
The jackal bites you.
You hit the jackal but do no damage. You claw the jackal.
You kill the jackal!
You see here a brown potion.
l - 2 brown potions (gained 1)
Aiming: Shock (safe; 5% risk of failure)
Press: ? - help, Q - select action, (/) - cycle Shift-Dir - straight line, f - gnoll
Aim: a gnoll, wielding a +0 whip (75% to hit)
You feel a surge of power!
The zap hits the gnoll.
The gnoll is heavily wounded.
The zap misses the gnoll sergeant.
There is a stone staircase leading up here.
Aiming: Shock (safe; 5% risk of failure)
Press: ? - help, Q - select action, (/) - cycle Shift-Dir - straight line, f/p - gnoll
Aim: a gnoll, wielding a +0 whip (heavily wounded, 75% to hit)
You feel a surge of power!
The zap misses the gnoll.
The zap hits the gnoll sergeant.
The gnoll sergeant is lightly wounded.
The gnoll barely misses you.
You completely miss the gnoll. You claw the gnoll.
The gnoll is heavily wounded.
The gnoll sergeant barely misses you. The gnoll hits you with a +0 whip.
You hit the gnoll.
The gnoll is electrocuted.
The gnoll is almost dead.
The gnoll sergeant hits you from afar with a +0 spear of venom!
The gnoll sergeant hits you from afar with a +0 spear of venom.
You are poisoned.
You feel very sick. The gnoll closely misses you.
The gnoll sergeant hits you from afar with a +0 spear of venom!
* * * LOW HITPOINT WARNING * * *
You climb upwards.
You die...

####.######.#######.##.
#.......#..............
#.##.##.#.......>##....
#.##.##.#........#.....
#.##....#..)...........
#.####..#.........#....
#.......#.........รท...#
######g##.......#.#..##
#@###.######.#.#.#
#.##..# #......
#.....########.###
#......##.####.###
#.._...........#..
#.....#.#.######.#
#.......### #.#
###....## #.# ###### #.#


You could see a gnoll.

Vanquished Creatures
  A bombardier beetle (D:3)
  An adder (D:2)
  5 gnolls (D:3)
  A dart slug (D:1)
  2 ribbon worms (D:2)
  3 orcs (D:2)
  An endoplasm (D:1)
  6 goblins
  4 hobgoblins
  2 jackals (D:3)
  A ball python (D:1)
  6 bats
  4 kobolds
  A spectral hobgoblin (D:1)
38 creatures vanquished.

Notes
Turn   | Place    | Note
-------+----------+-------------------------------------------
     0 | D:1      | Fractals the Tengu Air Elementalist began the quest for the
                  | Orb.
     0 | D:1      | Reached XP level 1. HP: 10/10 MP: 4/4
   144 | D:1      | Reached skill level 1 in Fighting
   144 | D:1      | Reached skill level 1 in Evocations
   144 | D:1      | Reached XP level 2. HP: 12/16 MP: 1/6
   222 | D:1      | Learned a level 2 spell: Static Discharge
   363 | D:1      | Found a faded altar of an unknown god.
   511 | D:2      | Found a white marble altar of Elyvilon.
   749 | D:2      | Reached XP level 3. HP: 20/20 MP: 5/7
  1204 | D:2      | Learned a level 3 spell: Swiftness
  1434 | D:3      | Reached XP level 4. HP: 19/26 MP: 3/8
  1731 | D:3      | Found a hide-covered altar of Uskayaw.
  1738 | D:3      | Reached XP level 5. HP: 30/30 MP: 8/10
  1774 | D:3      | Noticed a black bear
  1876 | D:3      | Reached skill level 5 in Air Magic
  2021 | D:3      | HP: 1/30 [gnoll sergeant/+0 spear of venom (10)]
  2022 | D:2      | Succumbed to a gnoll sergeant's poison

Illustrated notes

Levels and vault maps discovered:
D:1:      lemuel_arrival_broad_hall, layout_rooms,
          dreamdust_ecumenical_altar_drowned_temple, corexii_corridor_pit,
          chequers_decorated_corner, hangedman_feature_mirror
D:2:      layout_loops_cross, basic_altar, grunt_ministairs_14
D:3:      layout_rooms, mainiacjoe_overflow_tiny_flanked

Skill      XL: |  1  2  3  4  5 |
---------------+----------------+-----
Fighting       | 1 2 |  2.0
Evocations     | 1 |  1.0
Stealth        | 3 |  3.0
Spellcasting   | 3 |  3.0
Air Magic      | 5 |  5.0
Dodging        | |  2.1
Conjurations   | |  1.6

Action                     |  1- 3 |  4- 6 || total
---------------------------+-------+-------++-------
  Melee: Staff             |    26 |     9 ||    35
         Kick              |     9 |     6 ||    15
         Peck              |     5 |       ||     5
   Cast: Shock             |    39 |    18 ||    57
         Static Discharge  |     1 |     1 ||     2
         Swiftness         |       |     1 ||     1
    Use: Scroll            |     2 |       ||     2
   Stab: Distracted        |       |     1 ||     1
 Armour: Robe              |    11 |     8 ||    19
  Dodge: Dodged            |    15 |    15 ||    30

Table legend: (Time is in decaauts)
 A = Elapsed time spent in this place.
 B = Non-inter-level travel time spent in this place.
 C = Inter-level travel time spent in this place.
 D = Time resting spent in this place.
 E = Time spent auto-exploring this place.
 F = Levels seen in this place.
 G = Mean time per level.
                   A        B        C        D        E       F      G
               +--------+--------+--------+--------+--------+-----+--------+
         Total |   2022 |   1936 |     86 |    479 |    495 |   3 |  674.0 |
       Dungeon |   2022 |   1936 |     86 |    479 |    495 |   3 |  674.0 |
               +--------+--------+--------+--------+--------+-----+--------+

Top non-repeatable levels by time:
     D:2: 960 daAuts
     D:3: 586 daAuts
     D:1: 476 daAuts
